 Dungeon Crawl Stone Soup version 0.18.1-8-gdd0e5ea (webtiles) character file.

26410 nikopol the Cleaver (level 12, -1/166 HPs)
             Began as a Minotaur Berserker on May 30, 2016.
             Was a High Priest of Trog.
             Slain by a 12-headed hydra (6 damage)
             ... on level 3 of the Lair of Beasts.
             The game lasted 00:45:20 (15913 turns).

nikopol the Cleaver (Minotaur Berserker)           Turns: 15913, Time: 00:45:21

Health: -1/166     AC: 14    Str: 26    XL:     12   Next: 98%
Magic:  11/11      EV: 18    Int:  4    God:    Trog [*****.]
Gold:   1151       SH:  0    Dex: 14    Spells: 0 memorised, 11 levels left

rFire  . . .     SeeInvis .     Y - +6 executioner's axe of Trog's Approval {vamp, rN+ Str-2 Stlth+}
rCold  . . .     Gourm    .     r - +0 scale mail
rNeg   + + .     Faith    .     (shield currently unavailable)
rPois  .         Spirit   .     (helmet restricted)
rElec  .         Dismiss  .     u - +0 cloak
rCorr  .         Reflect  .     w - +1 pair of gloves
SustAt .         Harm     .     a - +0 pair of boots
MR     +....                    (no amulet)
Stlth  ..........               K - +2 ring of evasion
                                p - ring "Couru" {rN+ MR+}

@: berserking (expiring), very quick, somewhat resistant to hostile
enchantments, extremely unstealthy
A: retaliatory headbutt, horns 2
a: Berserk, Trog's Hand, Brothers in Arms, Burn Spellbooks, Renounce Religion


You were on level 3 of the Lair of Beasts.
You worshipped Trog.
Trog was extremely pleased with you.
You were not hungry.

You visited 2 branches of the dungeon, and saw 14 of its levels.
You also visited: Ice Cave.

You collected 1151 gold pieces.

Inventory:

Hand Weapons
 Y - the +6 executioner's axe of Trog's Approval (weapon) {vamp, rN+ Str-2 Stlth+}
   (Trog gifted it to you on level 2 of the Lair of Beasts)

   It inflicts no extra harm, but heals its wielder somewhat when it strikes a
   living foe.
   It affects your strength (-2).
   It protects you from negative energy.
   It makes you more stealthy.
Missiles
 I - 8 tomahawks of returning (quivered)
Armour
 a - a +0 pair of boots (worn)
 r - a +0 scale mail (worn)
 u - a +0 cloak (worn)
 w - a +1 pair of gloves (worn)
Jewellery
 n - a +1 ring of evasion
 p - the ring "Couru" (left hand) {rN+ MR+}
   (You found it on level 3 of the Lair of Beasts)

   [ring of protection from magic]

   It protects you from negative energy.
   It affects your resistance to hostile enchantments.
 K - a +2 ring of evasion (right hand)
 T - an uncursed ring of sustain attributes
 U - an uncursed ring of flight
 W - an uncursed ring of magical power
Wands
 m - a wand of slowing (21/48)
 y - a wand of teleportation (5/9)
 A - a wand of flame (10/48)
 J - a wand of iceblast (7/15)
 O - a wand of paralysis (13/24)
 P - a wand of paralysis (4/24)
 Z - a wand of enslavement (8/24)
Scrolls
 e - 3 scrolls of enchant armour
 g - 4 scrolls of remove curse
 k - 2 scrolls of recharging
 o - 6 scrolls of magic mapping
 q - 3 scrolls of noise {unknown}
 s - 5 scrolls of blinking {unknown}
 x - 2 scrolls of enchant weapon {unknown}
 B - a scroll of vulnerability {unknown}
 C - 4 scrolls of teleportation {unknown}
 D - a scroll of fog {unknown}
 F - 2 scrolls of random uselessness {unknown}
 H - a scroll of immolation {unknown}
 N - 2 scrolls of fear {unknown}
 X - a scroll of identify
Potions
 b - a potion of might
 d - 6 potions of curing
 h - 2 potions of berserk rage
 i - 5 potions of flight
 l - a potion of resistance
 t - 3 potions of heal wounds
 v - 3 potions of haste
 E - 3 potions of magic
 M - a potion of invisibility
 Q - 2 potions of brilliance
 S - a potion of agility
 V - a potion of lignification {unknown}
Miscellaneous
 z - a box of beasts
Comestibles
 c - 5 bread rations
 f - 7 meat rations
 j - 11 royal jellies
 G - 14 fruits
 L - 3 beef jerkies


   Skills:
 + Level 11.7 Fighting
 * Level 13.6(14.2) Axes
   Level 6.6(11.1) Polearms
 + Level 7.6 Throwing
 + Level 11.2 Armour
 + Level 11.0 Dodging


You had 11 spell levels left.
You didn't know any spells.

Dungeon Overview and Level Annotations

Branches:
Dungeon (11/15)            Temple (0/1) D:4            Lair (3/8) D:11
 Spider (0/4) Lair:3          Orc (0/2) D:11
  Swamp: Lair:3-6    Shoals: Lair:3-6

Altars:
Ashenzari
Dithmenos
Fedhas
Gozag
Nemelex Xobeh
Okawaru
Pakellas
Ru
Sif Muna
Trog
Vehumet
Yredelemnul
Zin
The Shining One

Shops:
D:4 }   D:5 !   D:6 %


Innate Abilities, Weirdness & Mutations

You reflexively headbutt those who attack you in melee.
You have a pair of horns on your head.


Message History

You barely miss the 12-headed hydra.
The 12-headed hydra is severely wounded.
The 12-headed hydra misses you.
The 12-headed hydra bites you but does no damage.
The 12-headed hydra misses you. The 12-headed hydra bites you!
* * * LOW HITPOINT WARNING * * *
The 12-headed hydra bites you but does no damage.
The 12-headed hydra closely misses you.
The 12-headed hydra bites you but does no damage.
The 12-headed hydra barely misses you.
The 12-headed hydra bites you but does no damage. x2
The 12-headed hydra closely misses you. The 12-headed hydra barely misses you.
You barely miss the 12-headed hydra.
Your headbutt misses the 12-headed hydra.
The 12-headed hydra is severely wounded.
The 12-headed hydra bites you!
* * * LOW HITPOINT WARNING * * *
The 12-headed hydra bites you but does no damage.
The 12-headed hydra bites you.
You die...

.............. ....
................ ...#
.....................#
###.#.#.............(#
#.#..#........... .(.#
#.....#....##.#.##(#.#
...........P##..P(##.#
#..........##...D.#..#
#....##....#....@.##.#
.....##....#......##.##
###..#......#.#...##.P#
###.##.....#.#.#.....##
.....................#
..............(......##
......................#
......................#
.....................##


You could see a 12-headed hydra.

Vanquished Creatures
  A frost giant (IceCv)
  The ghost of Murtagy the Protected, a journeyman MiFi of Makhleb (D:11)
  3 hydras
  Erica (Lair:2)
  A hill giant (D:11)
  An orb spider (Lair:3)
  An elephant (D:11)
  Maurice (D:8)
  3 black mambas
  The ghost of Rationalist the Chopper, a novice MiBe of Trog (D:5)
  An ice statue (IceCv)
  A gargoyle (D:11)
  A spiny frog (Lair:3)
  4 komodo dragons
  14 polar bears (IceCv)
  3 blink frogs (Lair:2)
  Grinder (D:5)
  A shadow (D:11)
  A wraith (D:11)
  A water elemental (D:11)
  A wyvern (D:9)
  31 yaks
  A basilisk (Lair:3)
  5 hippogriffs
  A steam dragon (D:8)
  2 soldier ants (D:11)
  4 water moccasins
  4 porcupines
  6 orc warriors
  An ice beast (D:6)
  A black bear (D:9)
  A wasp (D:11)
  3 sky beasts
  A necrophage (D:10)
  8 ogres
  A phantom (D:7)
  6 centaurs
  7 wolves (IceCv)
  A big kobold (D:8)
  4 crocodiles
  9 giant frogs
  2 scorpions
  3 killer bees (D:9)
  3 howler monkeys (D:9)
  4 electric eels
  3 crimson imps
  A centaur zombie (D:11)
  9 hounds
  A jelly (D:6)
  A centaur skeleton (D:5)
  8 orc priests
  9 iguanas
  16 orc wizards
  Crazy Yiuf (D:3)
  Terence (D:3)
  A giant frog skeleton (D:10)
  10 worker ants
  A killer bee zombie (D:7)
  A sheep (D:11)
  2 hound zombies
  A hound skeleton (D:4)
  2 worker ant zombies
  5 adders
  26 river rats
  3 shadow imps
  An ooze (D:7)
  An adder skeleton (D:8)
  2 worms
  4 dart slugs
  5 giant geckos
  43 orcs
  7 bats
  4 giant cockroaches
  7 goblins
  6 hobgoblins
  13 jackals
  8 kobolds
  5 quokkas
  A ball python (D:4)
  2 giant cockroach zombies (D:5)
  6 giant newts
  2 gnoll zombies (D:5)
  A quokka skeleton (D:7)
  6 rats
  A butterfly (Lair:2)
  2 fungi
381 creatures vanquished.

Vanquished Creatures (others)
  2 fungi (Lair:1)
2 creatures vanquished.

Grand Total: 383 creatures vanquished

Notes
Turn   | Place    | Note
--------------------------------------------------------------
     0 | D:1      | nikopol the Minotaur Berserker began the quest for the Orb.
     0 | D:1      | Reached XP level 1. HP: 19/19 MP: 0/0
   105 | D:1      | Reached XP level 2. HP: 27/27 MP: 1/1
   472 | D:1      | Found a glowing golden altar of the Shining One.
   610 | D:2      | Reached XP level 3. HP: 33/33 MP: 2/2
   707 | D:2      | Reached ** piety under Trog
  1755 | D:3      | Reached XP level 4. HP: 32/41 MP: 3/3
  1855 | D:3      | Noticed Terence
  1862 | D:3      | Killed Terence
  2460 | D:3      | Found an iron altar of Okawaru.
  2761 | D:3      | Noticed Crazy Yiuf
  2766 | D:3      | Killed Crazy Yiuf
  2766 | D:3      | Reached XP level 5. HP: 47/47 MP: 4/4
  2927 | D:4      | Found Sumesch's Gadget Boutique.
  3072 | D:4      | Found a staircase to the Ecumenical Temple.
  3240 | D:4      | Reached skill level 5 in Fighting
  3248 | D:4      | Reached skill level 5 in Polearms
  3480 | D:4      | Reached XP level 6. HP: 52/56 MP: 5/5
  3541 | D:4      | Reached *** piety under Trog
  3839 | D:5      | Entered Level 5 of the Dungeon
  3869 | D:5      | Reached skill level 1 in Axes
  4094 | D:5      | Reached skill level 2 in Axes
  4195 | D:5      | Found a shadowy altar of Dithmenos.
  4210 | D:5      | Noticed a sky beast
  4216 | D:5      | Killed a sky beast
  4216 | D:5      | Reached XP level 7. HP: 46/62 MP: 6/6
  4231 | D:5      | Noticed Rationalist's ghost (novice MiBe)
  4239 | D:5      | Killed Rationalist's ghost
  4239 | D:5      | Reached skill level 4 in Axes
  4239 | D:5      | Reached skill level 5 in Armour
  4239 | D:5      | Reached skill level 5 in Dodging
  4252 | D:5      | HP: 2/63 [ogre/giant spiked club (23)]
  4660 | D:5      | Noticed Grinder
  4667 | D:5      | Killed Grinder
  4667 | D:5      | Reached skill level 5 in Axes
  4667 | D:5      | Reached XP level 8. HP: 59/71 MP: 7/7
  4929 | D:5      | Found a shattered altar of Ashenzari.
  4963 | D:5      | Reached skill level 6 in Axes
  5113 | D:5      | Found a basalt altar of Yredelemnul.
  5283 | D:5      | Found Giroxiv's Distillery.
  5402 | D:6      | Found a radiant altar of Vehumet.
  5469 | D:6      | Found a sacrificial altar of Ru.
  5500 | D:6      | Reached **** piety under Trog
  5650 | D:6      | Reached skill level 7 in Axes
  5744 | D:6      | Reached XP level 9. HP: 79/79 MP: 8/8
  5879 | D:6      | Found Rakhuil's Food Shop.
  6152 | D:7      | Found a blossoming altar of Fedhas.
  6209 | D:7      | Reached skill level 1 in Throwing
  6874 | D:8      | Reached skill level 8 in Axes
  7132 | D:8      | Noticed Maurice
  7142 | D:8      | Killed Maurice
  7961 | D:9      | Found an opulent altar of Gozag.
  8009 | D:9      | Reached skill level 9 in Axes
  8020 | D:9      | Received a gift from Trog
  8023 | D:9      | Found a deep blue altar of Sif Muna.
  8029 | D:9      | Reached XP level 10. HP: 88/90 MP: 9/9
  8191 | D:9      | Found a radiant altar of Vehumet.
  8360 | D:9      | Found a bloodstained altar of Trog.
  8378 | D:9      | Found an oddly glowing altar of Pakellas.
  8379 | D:9      | Found a glowing silver altar of Zin.
  8380 | D:9      | Found a sparkling altar of Nemelex Xobeh.
  8608 | D:10     | Entered Level 10 of the Dungeon
  9007 | D:10     | Reached skill level 10 in Axes
  9177 | D:10     | Reached ***** piety under Trog
  9424 | D:11     | Noticed a hill giant
  9434 | D:11     | Killed a hill giant
  9754 | D:11     | Reached XP level 11. HP: 99/99 MP: 10/10
  9755 | D:11     | Reached skill level 11 in Axes
  9949 | D:11     | Found a staircase to the Lair.
  9956 | D:11     | Reached skill level 10 in Fighting
 10031 | D:11     | Noticed Murtagy's ghost (journeyman MiFi)
 10062 | D:11     | Killed Murtagy's ghost
 10062 | D:11     | Reached skill level 5 in Throwing
 10373 | D:11     | Noticed a five-headed hydra
 10380 | D:11     | Killed an eight-headed hydra
 10901 | D:11     | Received a gift from Trog
 10905 | D:11     | Reached skill level 12 in Axes
 10922 | D:11     | Found a staircase to the Orcish Mines.
 11405 | Lair:1   | Entered Level 1 of the Lair of Beasts
 11440 | Lair:1   | Found a frozen archway.
 11476 | IceCv    | Entered an ice cave
 11491 | IceCv    | Reached skill level 10 in Armour
 11702 | IceCv    | Reached skill level 10 in Dodging
 12204 | IceCv    | Reached XP level 12. HP: 108/108 MP: 11/11
 12496 | IceCv    | Noticed a frost giant
 12504 | IceCv    | Reached skill level 13 in Axes
 12523 | IceCv    | Killed a frost giant
 12656 | IceCv    | Got an iridescent glaive
 12659 | IceCv    | Got a warped halberd
 12772 | Lair:1   | Identified the +6 glaive "Oxav" {holy, *Confuse rN+ MP+9 Dex+4} (You found it in an ice cave)
 12773 | Lair:1   | Identified the +7 halberd of the Present {flame, Int+2 Dex+5} (You found it in an ice cave)
 12917 | Lair:1   | Noticed a four-headed hydra
 12924 | Lair:1   | Killed a two-headed hydra
 13408 | Lair:1   | Noticed a five-headed hydra
 13414 | Lair:1   | Killed a three-headed hydra
 13414 | Lair:1   | Received a gift from Trog
 13586 | Lair:1   | Reached ****** piety under Trog
 13945 | Lair:2   | Received a gift from Trog
 13948 | Lair:2   | Got a warped executioner's axe {god gift}
 13949 | Lair:2   | Identified the +6 executioner's axe of Trog's Approval {vamp, rN+ Str-2 Stlth+} (Trog gifted it to you on level 2 of the Lair of Beasts)
 14020 | Lair:2   | Noticed Erica
 14033 | Lair:2   | Killed Erica
 15052 | Lair:3   | Found a hole to the Spider Nest.
 15169 | Lair:3   | Got a fine platinum ring
 15295 | Lair:3   | Identified the ring "Couru" {rN+ MR+} (You found it on level 3 of the Lair of Beasts)
 15898 | Lair:3   | Noticed an eight-headed hydra
 15913 | Lair:3   | HP: 5/166 [12-headed hydra (7)]
 15913 | Lair:3   | Slain by a 12-headed hydra

Skill      XL: |  1  2  3  4  5  6  7  8  9 10 11 12 |
---------------+-------------------------------------+-----
Fighting       | 4 5 6 7 8 9 10 11 | 11.7
Dodging        | 3 4 5 6 7 8 10 11 | 11.0
Polearms       | 4 5 6 |  6.6
Armour         | 3 4 5 6 8 9 10 11 | 11.2
Axes           | 2 5 7 9 10 12 13 | 13.6
Throwing       | 3 4 6 7 |  7.6

Action                   |  1- 3 |  4- 6 |  7- 9 | 10-12 || total
-------------------------+-------+-------+-------+-------++-------
Melee: Spear             |    96 |   108 |       |    21 ||   225
       Headbutt          |    12 |    18 |    45 |   147 ||   222
       Hand axe          |       |    20 |   207 |   467 ||   694
       Executioner's axe |       |       |       |    91 ||    91
       Halberd           |       |       |       |    51 ||    51
Throw: Tomahawk          |       |       |    60 |   115 ||   175
Invok: Berserk           |       |     4 |     2 |     8 ||    14
       Burn Spellbooks   |       |     1 |       |       ||     1
       Trog's Hand       |       |       |       |     1 ||     1
  Use: Scroll            |       |       |       |    17 ||    17
 Stab: Sleeping          |     2 |       |       |       ||     2
       Distracted        |       |     1 |       |       ||     1
       Paralysed         |       |       |     1 |       ||     1
  Eat: Chunk             |     3 |    10 |    14 |    28 ||    55
       Beef jerky        |       |     1 |       |     2 ||     3
       Pizza             |       |       |       |     4 ||     4
Armor: Animal skin       |    14 |    13 |     8 |       ||    35
       Scale mail        |       |       |    57 |   149 ||   206
Dodge: Dodged            |    37 |    52 |   134 |   413 ||   636
